 Dungeon Crawl Stone Soup version 0.30-b1-2-g02819fbbbe (webtiles) character file.

Game seed: 7507629146961314837

58 Alarkh the Vexing (level 3, -4/26 HPs)
             Began as a Demonspawn Hexslinger on July 8, 2023.
             Slain by an orc
             ... wielding a +0 mace
              (7 damage)
             ... on level 2 of the Dungeon.
             The game lasted 00:02:27 (1530 turns).

Alarkh the Vexing (Demonspawn Hexslinger)           Turns: 1530, Time: 00:02:28

Health: -4/26      AC:  2    Str: 10    XL:     3   Next: 76%
Magic:  4/4        EV: 12    Int: 16    God:
Gold:   97         SH:  0    Dex: 13    Spells: 3/4 levels left

rFire   . . .        b - staff of conjuration
rCold   . . .        (no shield)
rNeg    . . .        c - +0 robe
rPois   .            (no helmet)
rElec   .            (no cloak)
rCorr   .            (no gloves)
SInv    .            (no boots)
Will    .....        (no amulet)
Stlth   +            (no ring)
HPRegen 0.24/turn    (no ring)
MPRegen 0.09/turn

%: no passive effects
@: no status effects
A: weakness stinger 1
a: no special abilities


You were on level 2 of the Dungeon.
You visited 1 branch of the dungeon, and saw 2 of its levels.

You collected 97 gold pieces.

Inventory:

Hand Weapons
 a - a +1 sling
Armour
 c - a +0 robe (worn)
Magical Staves
 b - a staff of conjuration (weapon)
Scrolls
 d - a scroll of poison
 h - 2 scrolls of immolation {unknown}
 i - a scroll of blinking
 j - a scroll of magic mapping
 k - a scroll of enchant armour {unknown}
Potions
 e - a potion of flight
 l - a potion of resistance


   Skills:
 + Level 1.5 Fighting
 * Level 1.2 Staves
 * Level 2.4 Ranged Weapons
 - Level 1.7 Dodging
 - Level 1.0 Spellcasting
 * Level 1.2 Conjurations
 - Level 3.0 Hexes
 * Level 1.3 Evocations


You had 3 spell levels left.
You knew the following spells:

 Your Spells              Type           Power      Damage    Failure   Level
a - Slow                  Hex            40%        N/A       7%          1

Your spell library contained the following spells:

 Spells                   Type           Power      Damage    Failure   Level
 Inner Flame              Hex/Fire       5%         N/A       36%         3
 Portal Projectile        Hex/Tloc       10%        N/A       36%         3
 Cause Fear               Hex            5%         N/A       54%         4


Dungeon Overview and Level Annotations

Branches:
Dungeon (2/15)

Altars:
Dithmenos


Innate Abilities, Weirdness & Mutations

You have a small tail.


Message History

There is a large open door here.
There is a large open door here.
You barely miss the orc.
You tail-slap the orc, but do no damage.
The orc hits you with a +0 hand axe.
You hit the orc but do no damage.
Your tail-slap misses the orc.
The orc barely misses you.
You hit the orc.
The orc is severely wounded.
The orc closely misses you.
You hit the orc but do no damage.
The orc is severely wounded.
The orc hits you with a +0 hand axe.
You closely miss the orc. You punch the orc, but do no damage.
The orc is severely wounded.
The orc misses you.
You barely miss the orc.
The orc is severely wounded.
The orc misses you.
You closely miss the orc.
You tail-slap the orc, but do no damage.
The orc is severely wounded.
The orc hits you with a +0 hand axe. The orc misses you.
You barely miss the orc.
The orc is severely wounded.
The orc hits you with a +0 hand axe.
You are too injured to fight recklessly!
You hit the orc but do no damage.
The orc is severely wounded.
The orc closely misses you.
You hit the orc.
You kill the orc!
You barely miss the orc. The orc hits you with a +0 mace.
You barely miss the orc.
You tail-slap the orc, but do no damage.
The orc closely misses you.
You closely miss the orc. The orc hits you with a +0 mace.
* * * LOW HITPOINT WARNING * * *
The orc hits you with a +0 mace!
You die...

........## ######## *,,,,,,,*
.......## ##....##**,,,,,,*
......## #.8..8.# **,,,,,*
##...## *......# **,,,,*
##..## *#....#* **,,,*
...############.##.#*# ****,,*
#..##8#.8.#8#.##''##.#**,,,*,*
#..'...#.#)..#......#,+,***,,*
##.##8#.8.#8#.##@'##.#**,,,***
#.#####'######o##.#** ****,*
#..####.## *#....#* **,,*
#...##...# *......# **,,,*
#....##.## #.8..8.# **,,,,*
#.....### ##....##**,,,,,*
#......# ###### *,,,,,,*
######## ********


You could see an orc.

Vanquished Creatures
  2 adders (D:2)
  A worm (D:2)
  3 orcs (D:2)
  A bat (D:1)
  4 endoplasms (D:1)
  4 goblins
  2 hobgoblins (D:1)
  6 kobolds (D:1)
  3 quokkas (D:1)
  3 ball pythons (D:1)
  A frilled lizard (D:1)
  A rat (D:2)
31 creatures vanquished.

Notes
Turn   | Place    | Note
-------+----------+-------------------------------------------
     0 | D:1      | Alarkh the Demonspawn Hexslinger began the quest for the
                  | Orb.
     0 | D:1      | Reached XP level 1. HP: 15/15 MP: 2/2
   244 | D:1      | Gained mutation: You have a small tail. [demonic ancestry]
   244 | D:1      | Reached XP level 2. HP: 21/21 MP: 3/3
   796 | D:1      | Reached skill level 1 in Evocations
  1122 | D:2      | Found a faded altar of an unknown god.
  1122 | D:2      | Found a shadowy altar of Dithmenos.
  1137 | D:2      | Reached skill level 1 in Staves
  1137 | D:2      | Reached XP level 3. HP: 26/26 MP: 4/4
  1218 | D:2      | Reached skill level 1 in Conjurations
  1530 | D:2      | Slain by an orc

Illustrated notes

Levels and vault maps discovered:
D:1:      spicycebolla_arrival_xxxplode, layout_basic, roderic_serpentine_path
D:2:      layout_rooms, basic_altar,
          hellmonk_ecumenical_altar_pennies_from_heaven, palyth_stone_intersect,
          wad_orctagon

Skill      XL: |  1  2  3 |
---------------+----------+-----
Ranged Weapons | 2 |  2.4
Evocations     | 1 |  1.3
Staves         | 1 |  1.2
Conjurations   | 1 |  1.2
Fighting       | |  1.5
Dodging        | |  1.7
Spellcasting   | |  1.0
Hexes          | |  3.0

Action                     || total
---------------------------++-------
  Melee: Staff             ||    77
         Tailslap          ||     6
         Punch             ||     1
   Fire: Sling             ||    69
    Use: Scroll            ||     4
         Potion            ||     2
   Stab: Sleeping          ||     1
 Armour: Robe              ||    16
         Skin              ||     5
  Dodge: Dodged            ||    56
